HS
NORTHWESTERN HS TITANS @ SULPHUR HS GOLDEN TORNADOS
04/02/2060
 
TOP OF THE 1ST
Northwestern HS Titans batting - Pitching for Sulphur HS Golden Tornados : LHP Nik Dabrowski
Pitching: LHP Nik Dabrowski
Batting: RHB Stan Chartrand 0-0: Called Strike
0-1: Swinging Strike
0-2: Foul Ball, location: 2F
0-2: Ball
1-2: SINGLE (Line Drive, 6M, EV 108.1 MPH)
Batting: RHB Parker Clancy 0-0: Ball
1-0: Ball
2-0: Ball
3-0: Base on Balls
Stan Chartrand to second
Batting: RHB Kaleb Gilchrist 0-0: Called Strike
0-1: Ball
1-1: Swinging Strike
1-2: Ball
2-2: Ball
3-2: Foul Ball, location: 2F
3-2: 3-RUN HOME RUN (Flyball, 8RXD, EV 104.4 MPH), Distance : 421 ft
Batting: LHB James Baker 0-0: Foul Ball, location: 2F
0-1: Ball
1-1: Swinging Strike
1-2: SINGLE (Groundball, 56D, EV 102.5 MPH)
Batting: RHB Caleb Bond 0-0: Called Strike
0-1: Ball
1-1: Foul Ball, location: 2F
1-2: Ball
2-2: Strikes out swinging
Batting: LHB Gage Fullerton 0-0: Ball
1-0: Ball
2-0: Called Strike
2-1: Fly out, F6 (Flyball, 6MD, EV 80.6 MPH)
Batting: RHB Ernie Argueta 0-0: Foul Ball, location: 2F
0-1: Ball
1-1: Foul Ball, location: 2F
1-2: Ball
2-2: Ground out 6-3 (Groundball, 6M, EV 85.6 MPH)
Top of the 1st over - 3 runs, 3 hits, 0 errors, 1 left on base; Northwestern HS 3 - Sulphur HS 0
BOTTOM OF THE 1ST
Sulphur HS Golden Tornados batting - Pitching for Northwestern HS Titans : RHP Daniel Brooks
Pitching: RHP Daniel Brooks
Batting: RHB Brendan Bowden 0-0: Called Strike
0-1: Foul Ball, location: 2F
0-2: Foul Ball, location: 2F
0-2: Ball
1-2: Ground out 6-3 (Groundball, 6, EV 85.6 MPH)
Batting: RHB Shomari Cambridge 0-0: Called Strike
0-1: Ball
1-1: Foul Ball, location: 2F
1-2: Strikes out swinging
Batting: LHB Chase Ingold 0-0: Called Strike
0-1: Foul Ball, location: 2F
0-2: Ball
1-2: Ball
2-2: Ball
3-2: Base on Balls
Batting: LHB Carter Whitefield 0-0: Called Strike
Chase Ingold is caught stealing 2nd base 2-6
Bottom of the 1st over - 0 runs, 0 hits, 0 errors, 0 left on base; Northwestern HS 3 - Sulphur HS 0
TOP OF THE 2ND
Northwestern HS Titans batting - Pitching for Sulphur HS Golden Tornados : LHP Nik Dabrowski
Batting: LHB Gage Richardson 0-0: Called Strike
0-1: Ball
1-1: Ball
2-1: Ground out 6-3 (Groundball, 6M, EV 84.4 MPH)
Batting: RHB Preston Stogsdill 0-0: Foul Ball, location: 2F
0-1: Ball
1-1: Ball
2-1: Foul Ball, location: 2F
2-2: SINGLE (Groundball, 4MD, EV 106.2 MPH)
Batting: RHB Stan Chartrand 0-0: Ball
1-0: Ball
2-0: Fly out, F8 (Line Drive, 8LD, EV 99.4 MPH)
Batting: RHB Parker Clancy 0-0: Called Strike
0-1: Fielders Choice at 2nd, 5-4 (Groundball, 56, EV 82.5 MPH)
Top of the 2nd over - 0 runs, 1 hit, 0 errors, 1 left on base; Northwestern HS 3 - Sulphur HS 0
BOTTOM OF THE 2ND
Sulphur HS Golden Tornados batting - Pitching for Northwestern HS Titans : RHP Daniel Brooks
Batting: LHB Carter Whitefield 0-0: Ball
1-0: Ball
2-0: SINGLE (Groundball, 4MD, EV 103.1 MPH)
Batting: RHB Cole Gregston 0-0: Ball
1-0: Ball
2-0: Called Strike
2-1: Ball
3-1: Called Strike
3-2: Fielders Choice at 2nd, 3-6 (Groundball, 3, EV 85.6 MPH)
Batting: RHB Lucas Hayek 0-0: Called Strike
0-1: Swinging Strike
0-2: Strikes out looking
Batting: RHB Kyle Campbell 0-0: Ball
1-0: Fly out, F9 (Line Drive, 9LM, EV 85.0 MPH)
Bottom of the 2nd over - 0 runs, 1 hit, 0 errors, 1 left on base; Northwestern HS 3 - Sulphur HS 0
TOP OF THE 3RD
Northwestern HS Titans batting - Pitching for Sulphur HS Golden Tornados : LHP Nik Dabrowski
Batting: RHB Kaleb Gilchrist 0-0: Ball
1-0: Foul Ball, location: 2F
1-1: Ground out 6-3 (Groundball, 6, EV 77.5 MPH)
Batting: LHB James Baker 0-0: Ball
1-0: Called Strike
1-1: Ball
2-1: Ball
3-1: Called Strike
3-2: Base on Balls
Batting: RHB Caleb Bond 0-0: Ball
1-0: Grounds into double play, 5-4-3 (Groundball, 56, EV 86.9 MPH)
Top of the 3rd over - 0 runs, 0 hits, 0 errors, 0 left on base; Northwestern HS 3 - Sulphur HS 0
BOTTOM OF THE 3RD
Sulphur HS Golden Tornados batting - Pitching for Northwestern HS Titans : RHP Daniel Brooks
Batting: RHB Amadom Ut 0-0: Ball
1-0: Foul Ball, location: 2F
1-1: Ground out 1-3 (Groundball, 13S, EV 71.2 MPH)
Batting: SHB Cleveland Johnson 0-0: Ball
1-0: Called Strike
1-1: Foul Ball, location: 2F
1-2: Foul Ball, location: 2F
1-2: Ball
2-2: Ball
3-2: Base on Balls
Batting: RHB Brendan Bowden 0-0: Foul Ball, location: 2F
0-1: Fly out, F7 (Flyball, 78D, EV 92.5 MPH)
Batting: RHB Shomari Cambridge 0-0: Called Strike
0-1: Called Strike
Cleveland Johnson is caught stealing 2nd base 2-4
Bottom of the 3rd over - 0 runs, 0 hits, 0 errors, 0 left on base; Northwestern HS 3 - Sulphur HS 0
TOP OF THE 4TH
Northwestern HS Titans batting - Pitching for Sulphur HS Golden Tornados : LHP Nik Dabrowski
Batting: LHB Gage Fullerton 0-0: Called Strike
0-1: Ball
1-1: Called Strike
1-2: Ball
2-2: Strikes out swinging
Batting: RHB Ernie Argueta 0-0: Ball
1-0: Ball
2-0: Swinging Strike
2-1: Foul Ball, location: 2F
2-2: Foul Ball, location: 2F
2-2: Single, Error in OF, E8, batter to second base (Line Drive, 8LS, EV 105.0 MPH)
Batting: LHB Gage Richardson 0-0: Ground out U3 (Groundball, 13, EV 84.4 MPH)
Ernie Argueta to third
Batting: RHB Preston Stogsdill 0-0: Foul Ball, location: 2F
0-1: Called Strike
0-2: Ball
1-2: Ball
2-2: SINGLE (Line Drive, 8LS, EV 111.9 MPH)
Ernie Argueta scores
Batting: RHB Stan Chartrand 0-0: Ball
1-0: Ball
Preston Stogsdill steals 2nd, throwing error, E2
Preston Stogsdill to third
2-0: Called Strike
2-1: Swinging Strike
2-2: Fly out, F8 (Flyball, 8LD, EV 103.1 MPH)
Top of the 4th over - 1 run, 2 hits, 2 errors, 1 left on base; Northwestern HS 4 - Sulphur HS 0
BOTTOM OF THE 4TH
Sulphur HS Golden Tornados batting - Pitching for Northwestern HS Titans : RHP Daniel Brooks
Batting: RHB Shomari Cambridge 0-0: Foul Ball, location: 2F
0-1: Ball
1-1: Foul Ball, location: 2F
1-2: Ball
2-2: Fly out, F8 (Flyball, 8RD, EV 100.6 MPH)
Batting: LHB Chase Ingold 0-0: Ball
1-0: Ball
2-0: Foul Ball, location: 2F
2-1: Swinging Strike
2-2: Ball
3-2: Fly out, F8 (Flyball, 8RM, EV 93.8 MPH)
Batting: LHB Carter Whitefield 0-0: Foul Ball, location: 2F
0-1: Fly out, F8 (Flyball, 89D, EV 102.5 MPH)
Bottom of the 4th over - 0 runs, 0 hits, 0 errors, 0 left on base; Northwestern HS 4 - Sulphur HS 0
TOP OF THE 5TH
Northwestern HS Titans batting - Pitching for Sulphur HS Golden Tornados : LHP Nik Dabrowski
Pitching: RHP Nathan Clark
Batting: RHB Parker Clancy 0-0: Ball
1-0: Ball
2-0: Ball
3-0: Called Strike
3-1: Ground out 5-3 (Groundball, 56S, EV 86.2 MPH)
Batting: RHB Kaleb Gilchrist 0-0: Ball
1-0: Foul Ball, location: 2F
1-1: Ball
2-1: Ball
3-1: Base on Balls
Batting: LHB James Baker 0-0: Ball
Kaleb Gilchrist steals 2nd base
1-0: Ball
2-0: Swinging Strike
2-1: Ball
3-1: Base on Balls
Batting: RHB Caleb Bond 0-0: Ball
1-0: Foul Ball, location: 2F
1-1: Ball
2-1: Ball
3-1: Base on Balls
Kaleb Gilchrist to third
James Baker to second
Batting: LHB Gage Fullerton 0-0: Called Strike
0-1: Ball
1-1: Fly out, F9 (Flyball, 89S, EV 95.0 MPH)
Runner from 3rd tags up, OUT at HOME! 9-2
Top of the 5th over - 0 runs, 0 hits, 0 errors, 2 left on base; Northwestern HS 4 - Sulphur HS 0
BOTTOM OF THE 5TH
Sulphur HS Golden Tornados batting - Pitching for Northwestern HS Titans : RHP Daniel Brooks
Batting: RHB Cole Gregston 0-0: Ball
1-0: SOLO HOME RUN (Flyball, 7D, EV 96.9 MPH), Distance : 347 ft
Batting: RHB Lucas Hayek 0-0: Ball
1-0: Foul Ball, location: 2F
1-1: Swinging Strike
1-2: Strikes out swinging
Batting: RHB Kyle Campbell 0-0: Ground out 6-3 (Groundball, 6, EV 100.0 MPH)
Batting: RHB Amadom Ut 0-0: Called Strike
0-1: Foul Ball, location: 2F
0-2: Foul Ball, location: 2F
0-2: Ball
1-2: Strikes out swinging
Bottom of the 5th over - 1 run, 1 hit, 0 errors, 0 left on base; Northwestern HS 4 - Sulphur HS 1
TOP OF THE 6TH
Northwestern HS Titans batting - Pitching for Sulphur HS Golden Tornados : RHP Nathan Clark
Batting: RHB Ernie Argueta 0-0: Ball
1-0: Ball
2-0: Ball
3-0: Base on Balls
Batting: LHB Gage Richardson 0-0: Ball
1-0: Bunt missed!
1-1: Ball
2-1: Sac Bunt to 5S - play at first, batter OUT! 5-3
Ernie Argueta to second
Batting: RHB Preston Stogsdill 0-0: SINGLE (Groundball, 56, EV 96.9 MPH)
Ernie Argueta to third
Batting: RHB Stan Chartrand 0-0: Called Strike
0-1: Ball
1-1: Fly out, F8 (Flyball, 8RXD, EV 101.9 MPH)
Runner from 3rd tags up, SCORES, no throw by CF
Batting: RHB Parker Clancy 0-0: Ball
1-0: Ball
2-0: Ball
3-0: Base on Balls
Preston Stogsdill to second
Batting: RHB Kaleb Gilchrist 0-0: Ball
1-0: Foul Ball, location: 2F
1-1: Ball
2-1: Ball
3-1: Fly out, F5 (Popup, 56, EV 55.0 MPH)
Top of the 6th over - 1 run, 1 hit, 0 errors, 2 left on base; Northwestern HS 5 - Sulphur HS 1
BOTTOM OF THE 6TH
Sulphur HS Golden Tornados batting - Pitching for Northwestern HS Titans : RHP Daniel Brooks
Batting: SHB Cleveland Johnson 0-0: Fly out, F7 (Flyball, 78M, EV 74.4 MPH)
Batting: RHB Brendan Bowden 0-0: Ball
1-0: Ground out 1-3 (Groundball, 13, EV 68.8 MPH)
Batting: RHB Shomari Cambridge 0-0: Called Strike
0-1: Fly out, F7 (Flyball, 7LSF, EV 91.2 MPH)
Bottom of the 6th over - 0 runs, 0 hits, 0 errors, 0 left on base; Northwestern HS 5 - Sulphur HS 1
TOP OF THE 7TH
Northwestern HS Titans batting - Pitching for Sulphur HS Golden Tornados : RHP Nathan Clark
Batting: LHB James Baker 0-0: Ball
1-0: SOLO HOME RUN (Flyball, 89XD, EV 98.1 MPH), Distance : 405 ft
Batting: RHB Caleb Bond 0-0: SINGLE (Groundball, 4MD, EV 101.9 MPH)
Batting: LHB Gage Fullerton 0-0: Foul Ball, location: 2F
0-1: Called Strike
0-2: Ball
1-2: Foul Ball, location: 2F
1-2: Fly out, F9 (Line Drive, 9LM, EV 88.8 MPH)
Batting: RHB Ernie Argueta 0-0: Ball
1-0: SINGLE (Line Drive, 89M, EV 101.2 MPH)
Caleb Bond to second
Batting: LHB Gage Richardson 0-0: Called Strike
0-1: Grounds into double play, 4-6-3 (Groundball, 34, EV 100.0 MPH)
Top of the 7th over - 1 run, 3 hits, 0 errors, 1 left on base; Northwestern HS 6 - Sulphur HS 1
BOTTOM OF THE 7TH
Sulphur HS Golden Tornados batting - Pitching for Northwestern HS Titans : RHP Daniel Brooks
Batting: LHB Chase Ingold 0-0: Called Strike
0-1: Foul Ball, location: 2F
0-2: Strikes out swinging
Pitching: RHP Jeffrey Jimenez
Batting: LHB Carter Whitefield 0-0: Ball
1-0: Fly out, F7 (Flyball, 78M, EV 89.4 MPH)
Batting: RHB Cole Gregston 0-0: Ball
1-0: Ball
2-0: Called Strike
2-1: Foul Ball, location: 2F
2-2: Ground out 5-3 (Groundball, 5S, EV 82.5 MPH)
Bottom of the 7th over - 0 runs, 0 hits, 0 errors, 0 left on base; Northwestern HS 6 - Sulphur HS 1
TOP OF THE 8TH
Northwestern HS Titans batting - Pitching for Sulphur HS Golden Tornados : RHP Nathan Clark
Batting: RHB Preston Stogsdill 0-0: Ground out 3-1 (Groundball, 34S, EV 82.5 MPH)
Batting: RHB Stan Chartrand 0-0: Ball
1-0: Fly out, F4 (Popup, 3S, EV 88.1 MPH)
Batting: RHB Parker Clancy 0-0: Called Strike
0-1: Ball
1-1: Foul Ball, location: 2F
1-2: Foul Ball, location: 2F
1-2: Ball
2-2: Ball
3-2: Base on Balls
Pitching: RHP David Brown
Batting: RHB Kaleb Gilchrist 0-0: Called Strike
0-1: Foul Ball, location: 2F
0-2: Ball
1-2: Ground out 4-3 (Groundball, 4S, EV 87.5 MPH)
Top of the 8th over - 0 runs, 0 hits, 0 errors, 1 left on base; Northwestern HS 6 - Sulphur HS 1
BOTTOM OF THE 8TH
Sulphur HS Golden Tornados batting - Pitching for Northwestern HS Titans : RHP Jeffrey Jimenez
Batting: RHB Lucas Hayek 0-0: Called Strike
0-1: Foul Ball, location: 2F
0-2: Strikes out swinging
Batting: RHB Kyle Campbell 0-0: Foul Ball, location: 2F
0-1: Ball
1-1: Foul Ball, location: 2F
1-2: Ball
2-2: Ball
3-2: Base on Balls
Batting: RHB Amadom Ut 0-0: Ball
1-0: Ball
2-0: Called Strike
2-1: Ball
3-1: Base on Balls
Kyle Campbell to second
Batting: SHB Cleveland Johnson 0-0: Ball
1-0: Called Strike
1-1: Foul Ball, location: 2F
1-2: Ball
2-2: Ball
3-2: Base on Balls
Kyle Campbell to third
Amadom Ut to second
Batting: RHB Brendan Bowden 0-0: Called Strike
0-1: Ball
1-1: Called Strike
1-2: Ball
2-2: Fielders Choice at 2nd, 6-4 (Groundball, 6, EV 81.9 MPH)
Kyle Campbell scores
Amadom Ut to third
Batting: RHB Shomari Cambridge 0-0: Ball
1-0: Ball
2-0: Foul Ball, location: 2F
2-1: Ball
3-1: Called Strike
3-2: Base on Balls
Brendan Bowden to second
Batting: LHB Chase Ingold 0-0: Ball
1-0: Ball
2-0: Ball
3-0: Base on Balls
Amadom Ut scores
Brendan Bowden to third
Shomari Cambridge to second
Pitching: RHP Brian Marker
Batting: LHB Carter Whitefield 0-0: Called Strike
0-1: Ball
1-1: Ball
2-1: Foul Ball, location: 2F
2-2: Foul Ball, location: 2F
2-2: Ball
3-2: Ground out 6-3 (Groundball, 6S, EV 82.5 MPH)
Bottom of the 8th over - 2 runs, 0 hits, 0 errors, 3 left on base; Northwestern HS 6 - Sulphur HS 3
TOP OF THE 9TH
Northwestern HS Titans batting - Pitching for Sulphur HS Golden Tornados : RHP David Brown
Pitching: RHP Evan Sullivan
Batting: LHB James Baker 0-0: Called Strike
0-1: Ball
1-1: Foul Ball, location: 2F
1-2: Foul Ball, location: 2F
1-2: Strikes out looking
Batting: RHB Caleb Bond 0-0: Fly out, F8 (Flyball, 8LD, EV 92.5 MPH)
Batting: LHB Gage Fullerton 0-0: Ball
1-0: Ball
2-0: SOLO HOME RUN (Line Drive, 89XD, EV 96.9 MPH), Distance : 379 ft
Batting: RHB Ernie Argueta 0-0: Ball
1-0: Foul Ball, location: 2F
1-1: Ground out 6-3 (Groundball, 6, EV 103.8 MPH)
Top of the 9th over - 1 run, 1 hit, 0 errors, 0 left on base; Northwestern HS 7 - Sulphur HS 3
BOTTOM OF THE 9TH
Sulphur HS Golden Tornados batting - Pitching for Northwestern HS Titans : RHP Brian Marker
Pitching: RHP Liam Moore
Batting: RHB Cole Gregston 0-0: Foul Ball, location: 2F
0-1: SINGLE (Line Drive, 78S, EV 103.1 MPH)
Batting: RHB Lucas Hayek 0-0: Foul Ball, location: 2F
0-1: Ball
1-1: Called Strike
1-2: Strikes out swinging
Pinch Hitting: LHB Jamieson Costello 0-0: Ball
Wild Pitch!
Cole Gregston to second
1-0: Ball
2-0: Swinging Strike
2-1: Ball
3-1: Foul Ball, location: 2F
3-2: Base on Balls
Batting: RHB Amadom Ut 0-0: Fly out, F8 (Line Drive, 8RS, EV 91.2 MPH)
Pinch Hitting: RHB Jordon Ziegler 0-0: Ball
1-0: Ball
2-0: Ball
3-0: Called Strike
3-1: Base on Balls
Cole Gregston to third
Jamieson Costello to second
Batting: RHB Brendan Bowden 0-0: Ball
1-0: Called Strike
1-1: Foul Ball, location: 2F
1-2: Strikes out looking
Bottom of the 9th over - 0 runs, 1 hit, 0 errors, 3 left on base; Northwestern HS 7 - Sulphur HS 3
Wednesday, April 17th , 2024 - OOTP Baseball 23.10 Build 110